 Dungeon Crawl Stone Soup version 0.29.0-4-gdea44cf6ec (webtiles) character file.

Game seed: 7703988962989145836

241 qw the Chopper (level 6, -1/35 HPs)
             Began as a Tengu Warper on Aug 28, 2022.
             Slain by an iguana (6 damage)
             ... on level 4 of the Dungeon.
             The game lasted 00:00:23 (3917 turns).

qw the Chopper (Tengu Warper)                       Turns: 3917, Time: 00:00:23

Health: -1/35      AC: 11    Str: 14    XL:     6   Next: 8%
Magic:  10/10      EV:  5    Int: 13    God:
Gold:   136        SH:  0    Dex: 13    Spells: 9/9 levels left

rFire   . . .      SeeInvis .   Y - +0 war axe
rCold   . . .      Faith    .   (no shield)
rNeg    . . .      Spirit   .   i - +0 plate armour
rPois   .          Reflect  .   (helmet restricted)
rElec   .          Harm     .   (no cloak)
rCorr   .          Rampage  .   d - +0 pair of gloves
Will    .....                   (boots unavailable)
Stlth   ..........              (no amulet)
HPRegen 0.11/turn               (no ring)
MPRegen 0.12/turn               (no ring)

@: flying quickly and evasively, quick
A: beak, talons 3, nimble flight
a: no special abilities


You were on level 4 of the Dungeon.
You visited 2 branches of the dungeon, and saw 5 of its levels.

You collected 136 gold pieces.


Innate Abilities, Weirdness & Mutations

You have a beak for a mouth.
You have claws for feet.
Your magical nature lets you fly swiftly and evasively.


   Skills:
 - Level 2.0 Fighting
 - Level 6.7 Axes
 - Level 1.0 Throwing
 + Level 1.4 Armour
 - Level 2.1 Dodging
 - Level 2.0 Spellcasting
 - Level 2.4 Translocations


You had 9 spell levels left.
You didn't know any spells.
Your spell library contained the following spells:

 Spells                   Type           Power      Damage    Failure   Level
 Blink                    Tloc           14%        N/A       100%        2
 Gell's Gravitas          Tloc           7%         N/A       100%        3
 Lesser Beckoning         Tloc           7%         N/A       100%        3
 Teleport Other           Tloc           7%         N/A       100%        3
 Manifold Assault         Tloc           7%         N/A       100%        5

Inventory:

Hand Weapons
 a - a +2 whip of electrocution
 Y - a +0 war axe (weapon)
Armour
 d - a +0 pair of gloves (worn)
 i - a +0 plate armour (worn)
Potions
 c - a potion of might
 e - a potion of degeneration {unknown}
 f - a potion of berserk rage {unknown}
 h - a potion of mutation {unknown}
 j - a potion of flight {unknown}

Dungeon Overview and Level Annotations

Branches:
Dungeon (4/15)             Temple (1/1) D:4

Altars:
Cheibriados
Dithmenos
Elyvilon
Fedhas
Hepliaklqana
Kikubaaqudgha
Makhleb
Nemelex Xobeh
Qazlal
Sif Muna
Trog
Uskayaw
Vehumet
Xom

Shops:
D:1 (?!!


Message History

You reach down and open the door.
A kobold comes into view. It is wielding a +0 club.
The kobold shouts!
You slash the kobold!
You kill the kobold!
There is an open door here.
Things that are here:
a +0 club; a stone; a kobold corpse As you open the door, it creaks loudly!
An iguana comes into view.
You closely miss the iguana. Your kick misses the iguana.
The iguana bites you but does no damage.
You barely miss the iguana. Your peck misses the iguana.
The iguana bites you but does no damage.
You barely miss the iguana. The iguana bites you.
You barely miss the iguana. The iguana bites you.
You hit the iguana.
The iguana is moderately wounded.
The iguana bites you! The iguana bites you.
You barely miss the iguana.
The iguana is moderately wounded.
The iguana bites you but does no damage.
You hit the iguana but do no damage.
The iguana is moderately wounded.
The iguana bites you.
You completely miss the iguana.
The iguana is moderately wounded.
The iguana bites you!
You slash the iguana!
The iguana is severely wounded.
The iguana bites you but does no damage.
You barely miss the iguana. You peck the iguana, but do no damage.
The iguana is severely wounded.
The iguana bites you but does no damage.
You closely miss the iguana. You claw the iguana.
The iguana is almost dead.
The iguana bites you.
You die...

##+### ###+##....# #
##..#.. ....#....# .#
...... ...#....# ..#
.....# #..#....#...#
..... #..#...@l...#
....# #..#....#...#
P.PP######..)....######
P...##......#.........#
.>.P##......#.........#
....#..<##+##.........#
....'...## #.........#
....#....# #....######
....#....# #....#


You could see an iguana.

Vanquished Creatures
  An iguana (D:3)
  Natasha (thrice) (D:2)
  Robin (D:3)
  4 adders
  A worm (D:2)
  3 dart slugs
  5 endoplasms
  A giant cockroach (D:2)
  12 goblins
  13 hobgoblins
  4 jackals (D:1)
  3 quokkas
  6 ball pythons
  10 bats
  7 frilled lizards
  6 kobolds
  5 rats
85 creatures vanquished.

Vanquished Creatures (others)
  A fungus (D:1)
  3 plants (D:3)
4 creatures vanquished.

Grand Total: 89 creatures vanquished

Notes
Turn   | Place    | Note
-------+----------+-------------------------------------------
     0 | D:1      | qw the Tengu Warper began the quest for the Orb.
     0 | D:1      | Reached XP level 1. HP: 12/12 MP: 4/4
     0 | D:1      | 0 ||| qw: Version: 0.1-a-89-g26bdef1
     0 | D:1      | 0 ||| qw: Game counter: 410
     0 | D:1      | 0 ||| qw: Always use a shield: true
     0 | D:1      | 0 ||| qw: God list: Okawaru
     0 | D:1      | 0 ||| qw: Allow faded altars: false
     0 | D:1      | 0 ||| qw: Do Orc after D:15 true
     0 | D:1      | 0 ||| qw: Do second Lair branch before Depths: true
     0 | D:1      | 0 ||| qw: Lair rune preference: random
     0 | D:1      | 0 ||| qw: Plans: Normal
     0 | D:1      | 0 ||| PLANNING D:1-11
    11 | D:1      | Found Eholum's Magic Scroll Shoppe.
    23 | D:1      | 23 ||| Stepping ~*~*~tactically~*~*~ (stealth).
    32 | D:1      | 32 ||| Stepping ~*~*~tactically~*~*~ (stealth).
    41 | D:1      | Found a faded altar of an unknown god.
    46 | D:1      | 46 ||| Stepping ~*~*~tactically~*~*~ (stealth).
    67 | D:1      | Found Taloteit's Antique Weapon Boutique.
    70 | D:1      | 70 ||| SHOPLISTING scroll of enchant weapon (82 gold, have
                  | 17).
    70 | D:1      | 70 ||| SHOPLISTING scroll of identify (22 gold, have 17).
    70 | D:1      | 70 ||| SHOPLISTING scroll of teleportation (33 gold, have
                  | 17).
    80 | D:1      | Reached XP level 2. HP: 17/17 MP: 6/6
   109 | D:1      | Reached skill level 3 in Axes
   224 | D:1      | Found Cis Qave's Book Emporium.
   225 | D:1      | 225 ||| Stepping ~*~*~tactically~*~*~ (stealth).
   449 | D:1      | Found Xumoimu's Distillery.
   491 | D:1      | 491 ||| SHOPLISTING potion of heal wounds (50 gold, have
                  | 25).
   491 | D:1      | 491 ||| SHOPLISTING potion of might (40 gold, have 25).
   491 | D:1      | 491 ||| SHOPLISTING potion of mutation (80 gold, have 25).
   513 | D:1      | Reached XP level 3. HP: 21/21 MP: 7/7
   598 | D:1      | 598 ||| Stepping ~*~*~tactically~*~*~ (stealth).
   669 | D:1      | Found Nantusim's Distillery.
   678 | D:1      | 678 ||| SHOPLISTING potion of cancellation (112 gold, have
                  | 25).
   678 | D:1      | 678 ||| SHOPLISTING potion of curing (42 gold, have 25).
   678 | D:1      | 678 ||| SWAPPING to +0 war axe.
   679 | D:1      | 679 ||| DROPPING +0 hand axe.
   714 | D:1      | Reached skill level 4 in Axes
   836 | D:1      | 836 ||| UPGRADING to +0 pair of gloves.
   841 | D:1      | 841 ||| DROPPING scroll of blinking.
   856 | D:2      | 856 ||| STAIRDANCE
  1095 | D:2      | Reached XP level 4. HP: 10/26 MP: 8/8
  1296 | D:2      | 1296 ||| DROPPING +0 whip.
  1307 | D:2      | 1307 ||| Stepping ~*~*~tactically~*~*~ (hiding).
  1330 | D:2      | 1330 ||| Stepping ~*~*~tactically~*~*~ (hiding).
  1510 | D:2      | Reached skill level 5 in Axes
  1613 | D:2      | Noticed Natasha
  1616 | D:2      | Killed Natasha
  1618 | D:2      | 1618 ||| FLEEEEING.
  1620 | D:2      | 1620 ||| FLEEEEING.
  1624 | D:2      | 1624 ||| FLEEEEING.
  1628 | D:2      | 1628 ||| FLEEEEING.
  1629 | D:2      | 1629 ||| FLEEEEING.
  1630 | D:2      | 1630 ||| FLEEEEING.
  1631 | D:2      | 1631 ||| FLEEEEING.
  1632 | D:2      | 1632 ||| FLEEEEING.
  1633 | D:2      | 1633 ||| FLEEEEING.
  1634 | D:2      | 1634 ||| FLEEEEING.
  1635 | D:2      | 1635 ||| FLEEEEING.
  1636 | D:2      | 1636 ||| FLEEEEING.
  1637 | D:2      | 1637 ||| FLEEEEING.
  1639 | D:2      | 1639 ||| FLEEEEING.
  1640 | D:2      | 1640 ||| FLEEEEING.
  1641 | D:2      | 1641 ||| FLEEEEING.
  1642 | D:2      | 1642 ||| FLEEEEING.
  1645 | D:2      | 1645 ||| FLEEEEING.
  1646 | D:2      | 1646 ||| FLEEEEING.
  1647 | D:2      | 1647 ||| FLEEEEING.
  1648 | D:2      | 1648 ||| FLEEEEING.
  1649 | D:2      | 1649 ||| FLEEEEING.
  1650 | D:2      | 1650 ||| STAIRDANCE
  1753 | D:1      | 1753 ||| READING scroll labelled ZADALU ROQU.
  2030 | D:2      | Noticed Natasha
  2034 | D:2      | Killed Natasha
  2035 | D:2      | Gained mutation: Your magical nature lets you fly swiftly
                  | and evasively. [Tengu growth]
  2035 | D:2      | Reached XP level 5. HP: 29/30 MP: 9/9
  2080 | D:2      | Noticed Natasha
  2082 | D:2      | Killed Natasha
  2083 | D:2      | Reached skill level 6 in Axes
  2206 | D:2      | 2206 ||| READING scroll labelled GUQOXKUBAME.
  2209 | D:2      | 2209 ||| READING scroll labelled INWEN KOAVVEB.
  2210 | D:2      | 2210 ||| DRINKING 2 purple potions.
  2211 | D:2      | 2211 ||| DRINKING 2 fuming brown potions.
  2250 | D:3      | 2250 ||| STAIRDANCE
  2259 | D:3      | 2259 ||| STAIRDANCE
  2277 | D:3      | Found a burning altar of Makhleb.
  2329 | D:3      | 2329 ||| Stepping ~*~*~tactically~*~*~ (hiding).
  2447 | D:3      | 2447 ||| Stepping ~*~*~tactically~*~*~ (stealth).
  2448 | D:3      | Noticed Robin
  2449 | D:3      | 2449 ||| Stepping ~*~*~tactically~*~*~ (stealth).
  2465 | D:3      | Killed Robin
  2504 | D:3      | 2504 ||| FLEEEEING.
  2684 | D:3      | 2684 ||| Stepping ~*~*~tactically~*~*~ (stealth).
  2691 | D:3      | HP: 7/30 [iguana (1)]
  2692 | D:3      | 2692 ||| DRINKING potion of heal wounds.
  2756 | D:3      | Reached XP level 6. HP: 35/35 MP: 10/10
  2777 | D:3      | 2777 ||| Stepping ~*~*~tactically~*~*~ (stealth).
  2779 | D:3      | 2779 ||| Stepping ~*~*~tactically~*~*~ (stealth).
  2782 | D:3      | 2782 ||| Stepping ~*~*~tactically~*~*~ (stealth).
  2788 | D:3      | 2788 ||| Stepping ~*~*~tactically~*~*~ (stealth).
  2871 | D:3      | 2871 ||| Stepping ~*~*~tactically~*~*~ (hiding).
  2973 | D:3      | 2973 ||| Stepping ~*~*~tactically~*~*~ (hiding).
  3075 | D:3      | 3075 ||| Stepping ~*~*~tactically~*~*~ (hiding).
  3177 | D:3      | 3177 ||| Stepping ~*~*~tactically~*~*~ (hiding).
  3580 | D:3      | 3580 ||| UPGRADING to +0 plate armour.
  3590 | D:3      | 3590 ||| DROPPING +0 leather armour.
  3591 | D:3      | 3591 ||| READING 2 scrolls labelled BOCZATIATU.
  3592 | D:3      | 3592 ||| READING 2 scrolls labelled TIT TAW WIXT.
  3593 | D:3      | 3593 ||| READING scroll labelled SEMOZE FUNUDD.
  3735 | D:3      | 3735 ||| DRINKING 2 inky potions.
  3736 | D:3      | 3736 ||| DROPPING scroll of amnesia.
  3737 | D:3      | 3737 ||| DROPPING potion of attraction.
  3738 | D:3      | 3738 ||| DROPPING scroll of vulnerability.
  3795 | D:4      | Found a staircase to the Ecumenical Temple.
  3796 | D:4      | 3796 ||| PLANNING TEMPLE
  3805 | Temple   | Entered the Ecumenical Temple
  3863 | Temple   | 3863 ||| PLANNING D:1-11
  3914 | D:4      | HP: 4/35 [iguana (7)]
  3917 | D:4      | Slain by an iguana

Levels and vault maps discovered:
D:1:      minmay_arrival_solitary_statue, layout_basic,
          shapermc_ecumenical_altar_rom_forum, serial_shops,
          nicolae_lakefront_shop, shop, nicolae_shop_statue_plus, shop, shop
D:2:      layout_rooms, palyth_stone_intersect, minmay_bisected, uniq_natasha
D:3:      layout_loops_ring, mainiacjoe_overflow_boulevard, uniq_robin
D:4:      layout_gridville, minmay_temple_entry_overgrown, uniq_sigmund
Temple:   nicolae_temple_god_jail

Skill      XL: |  1  2  3  4  5 |
---------------+----------------+-----
Axes           | 3 4 5 6 |  6.7
Fighting       | |  2.0
Throwing       | |  1.0
Armour         | |  1.4
Dodging        | |  2.1
Spellcasting   | |  2.0
Translocations | |  2.4

Action                   |  1- 3 |  4- 6 || total
-------------------------+-------+-------++-------
Melee: Hand axe          |    54 |       ||    54
       Kick              |    15 |    19 ||    34
       Peck              |    13 |    13 ||    26
       War axe           |    22 |   105 ||   127
Throw: Boomerang         |     7 |       ||     7
  Use: Scroll            |       |     6 ||     6
       Potion            |       |     4 ||     4
 Stab: Sleeping          |     1 |       ||     1
Armor: Leather armour    |    21 |    22 ||    43
       Plate armour      |       |    11 ||    11
Dodge: Dodged            |    53 |    58 ||   111

Table legend:
 A = Non-vault XP
 B = Vault XP
 C = Vault XP percentage of total XP
 D = Non-vault monster count
 E = Vault monster count
 F = Vault count percentage of total count
                 A         B        C        D         E       F
            +---------+---------+-------+---------+---------+-------
      Total |     263 |      82 |  23.8 |      66 |      19 |  22.4
            +---------+---------+-------+---------+---------+-------
        D:1 |      62 |       0 |   0.0 |      33 |       0 |   0.0
        D:2 |     125 |      46 |  26.9 |      18 |       7 |  28.0
        D:3 |      62 |      36 |  36.7 |      13 |      12 |  48.0
        D:4 |      14 |       0 |   0.0 |       2 |       0 |   0.0
            +---------+---------+-------+---------+---------+-------
